 Dungeon Crawl Stone Soup version 0.27.0-1-g7a089689b8 (webtiles) character file.

Game seed: 10054270570042427171

4065 Spaninq the Grappler (level 10, -3/54 HPs)
             Began as a Gargoyle Transmuter on Aug 13, 2021.
             Was a Priest of Hepliaklqana.
             Slain by an orc warrior (9 damage)
             ... on level 8 of the Dungeon.
             The game lasted 00:25:05 (11374 turns).

Spaninq the Grappler (Gargoyle Transmuter)         Turns: 11374, Time: 00:25:05

Health: -3/54      AC: 17    Str: 16    XL:     10   Next: 25%
Magic:  15/15      EV:  7    Int: 15    God:    Hepliaklqana [***...]
Gold:   409        SH:  0    Dex: 10    Spells: 14/16 levels left

rFire    . . .     SeeInvis +   c - +1 dagger (elec)
rCold    . . .     Faith    .   (no shield)
rNeg     + . .     Spirit   .   f - +0 chain mail
rPois    ∞         Reflect  .   (no helmet)
rElec    +         Harm     .   (no cloak)
rCorr    +         Rampage  .   (no gloves)
Will     .....                  (no boots)
Stlth    ..........             (no amulet)
HPRegen  0.18/turn              b - ring of see invisible
MPRegen  0.14/turn              a - ring of resist corrosion

@: confused, ambrosia-drunk, marked
A: reduced essence, sickness immunity, AC +7, negative energy resistance 1,
electricity resistance, torment resistance 1, petrification resistance
a: Renounce Religion, Recall Ancestor, Ancestor Identity, Transference


You were on level 8 of the Dungeon.
You worshipped Hepliaklqana.
Hepliaklqana was most pleased with you.
You visited 2 branches of the dungeon, and saw 9 of its levels.
You also visited: Bailey.

You collected 409 gold pieces.

Inventory:

Hand Weapons
 c - a +1 dagger of electrocution (weapon)
 d - a +7 hand axe
Missiles
 k - 190 stones
Armour
 f - a +0 chain mail (worn)
Jewellery
 a - a ring of resist corrosion (right hand)
 b - a ring of see invisible (left hand)
Wands
 h - a wand of iceblast (24)
 i - a wand of paralysis (4)
Scrolls
 g - a scroll of enchant armour
 l - a scroll of enchant weapon
Potions
 e - 2 potions of curing


   Skills:
 + Level 6.8 Fighting
 + Level 6.7 Armour
 - Level 1.5 Dodging
 * Level 9.4 Unarmed Combat
 + Level 3.5 Spellcasting
 - Level 1.5 Transmutations
 * Level 6.6 Earth Magic
 + Level 3.4 Invocations


You had 14 spell levels left.
You knew the following spells:

 Your Spells              Type           Power      Damage    Failure   Level
a - Beastly Appendage     Tmut           14%        N/A       80%         1
b - Sandblast             Erth           44%        2d11      17%         1

Your spell library contained the following spells:

 Spells                   Type           Power      Damage    Failure   Level
 Stone Arrow              Conj/Erth      24%        3d8       89%         3
 Wereblood                Tmut           7%         N/A       90%         2
 Spider Form              Tmut/Pois      2%         N/A       99%         3
 Call Canine Familiar     Summ           2%         N/A       100%        3
 Portal Projectile        Hex/Tloc       4%         N/A       100%        3
 Ice Form                 Ice/Tmut       4%         N/A       100%        4
 Leda's Liquefaction      Hex/Erth       6%         N/A       100%        4
 Bolt of Magma            Conj/Fire/Erth 4%         4d5       100%        5
 Borgnjor's Vile Clutch   Necr/Erth      6%         N/A       100%        5
 Conjure Ball Lightning   Conj/Air       1%         3x3d6     100%        6


Dungeon Overview and Level Annotations

Branches:
Dungeon (8/15)             Temple (1/1) D:5          Bailey (visited)
   Lair: D:8-11

Altars:
Ashenzari
Cheibriados
Dithmenos
Elyvilon
Fedhas
Gozag
Hepliaklqana
Kikubaaqudgha
Makhleb
Okawaru
Qazlal
Ru
Sif Muna
Trog
Uskayaw
Vehumet
Wu Jian
Xom
Yredelemnul
Zin
The Shining One

Shops:
D:2 !


Innate Abilities, Weirdness & Mutations

Your life essence is reduced to manifest your ancestor. (-10% HP)
You are immune to sickness and miasma.
Your stone body is resilient. (AC +7)
You are immune to poison.
You resist negative energy. (rN+)
You are resistant to electric shocks. (rElec)
You are resistant to unholy torment.
You are immune to petrification.


Message History

The hobgoblin barely misses you.
The orc warrior hits you but does no damage.
The hobgoblin barely misses you. The goblin barely misses you.
You hit the hobgoblin but do no damage. The hobgoblin barely misses you.
The orc warrior hits you with a +0 war axe.
The hobgoblin hits you but does no damage.
The goblin barely misses you.
You hit the hobgoblin but do no damage.
Lightning courses through the hobgoblin!
You kill the hobgoblin!
The hobgoblin hits you with a +0 war axe!
* * * LOW HITPOINT WARNING * * *
The goblin closely misses you.
An orc comes into view. It is wielding a +0 hand axe.
The orc warrior hits you with a +0 war axe.
* * * LOW HITPOINT WARNING * * *
The orc warrior hits you but does no damage.
An orc comes into view. It is wielding a +0 hand axe.
The hobgoblin barely misses you. The goblin hits you but does no damage.
There is a gate leading back out of this place here.
Things that are here:
a +0 war axe; a +0 scale mail; an orc corpse The orc warrior closely misses you.
The orc warrior barely misses you.
The hobgoblin hits you with a +0 war axe.
* * * LOW HITPOINT WARNING * * *
The goblin hits you but does no damage.
Welcome back to the Dungeon!
There is an empty arch of ancient stone here.
You hit the goblin. Lightning courses through the goblin!
You kill the goblin!
Okay, then.
You hit the orc warrior but do no damage.
The orc warrior barely misses you.
You barely miss the orc warrior.
The orc warrior hits you with a +0 war axe.
* * * LOW HITPOINT WARNING * * *
You are confused.
You feel invigorated.
The orc warrior hits you with a +0 war axe!
You die...

# #.#.#
.#
#.#.8.#
#.#.#.#
#.8.#.#
#.#.#.#
#.#o8.#
#.#g#.#
#.8o#.#
#.#@# #
#.#8# .
...
##.####
#. #


You could see 2 orc warriors and a hobgoblin.

Vanquished Creatures
  2 orc knights (Bailey)
  An acid dragon (D:5)
  An ice beast (D:6)
  2 sky beasts
  A necrophage (D:6)
  3 ogres
  2 centaurs (D:7)
  A kobold brigand (D:7)
  5 killer bees (D:4)
  3 wights (D:7)
  A howler monkey (D:6)
  An iron imp (D:7)
  A jelly (D:7)
  2 hounds
  A centaur skeleton (D:6)
  An orc priest (D:4)
  2 iguanas
  Natasha (twice) (D:3)
  3 orc wizards
  A gnoll (D:8)
  2 howler monkey skeletons
  5 adders
  A shadow imp (D:7)
  3 worms (D:2)
  3 dart slugs
  9 orcs
  7 endoplasms
  A giant cockroach (D:1)
  9 goblins
  5 hobgoblins
  10 jackals
  6 quokkas
  6 ball pythons
  5 bats
  3 frilled lizards
  A jackal skeleton (D:4)
  13 kobolds
125 creatures vanquished.

Vanquished Creatures (collateral kills)
  A water moccasin (D:7)
  2 orc warriors
  2 sky beasts
  2 ogres
  A kobold brigand (D:8)
  A gnoll sergeant (D:8)
  5 wights (D:7)
  A jelly (D:5)
  3 orc priests
  A hound (D:6)
  3 iron imps
  Terence (D:3)
  Natasha (D:3)
  An iguana (D:6)
  An orc wizard (D:4)
  2 gnolls (D:8)
  A shadow imp (D:7)
  A white imp (D:6)
  8 orcs
  An endoplasm (D:2)
  A giant cockroach (D:2)
  A hobgoblin (Bailey)
  7 kobolds
  A quokka (D:3)
  A ball python (D:3)
  A bat (D:3)
51 creatures vanquished.

Vanquished Creatures (others)
  4 hexers
  An ancestor (D:4)
5 creatures vanquished.

Grand Total: 181 creatures vanquished

Notes
Turn   | Place    | Note
-------+----------+-------------------------------------------
     0 | D:1      | Spaninq the Gargoyle Transmuter began the quest for the
                  | Orb.
     0 | D:1      | Reached XP level 1. HP: 12/12 MP: 3/3
   128 | D:1      | Reached XP level 2. HP: 6/16 MP: 5/5
   756 | D:1      | Reached skill level 1 in Armour
  1053 | D:1      | Reached XP level 3. HP: 21/21 MP: 6/6
  1396 | D:2      | Found Hemetaid's Distillery.
  1707 | D:2      | Reached skill level 4 in Unarmed Combat
  1839 | D:2      | Found a faded altar of an unknown god.
  1846 | D:2      | Reached XP level 4. HP: 25/26 MP: 5/7
  1850 | D:2      | Became a worshipper of Hepliaklqana the Forgotten
  1850 | D:2      | Reached * piety under Hepliaklqana
  2214 | D:3      | Reached XP level 5. HP: 26/27 MP: 6/8
  2604 | D:4      | Reached skill level 5 in Unarmed Combat
  2605 | D:4      | Reached XP level 6. HP: 11/33 MP: 7/9
  2959 | D:4      | Reached XP level 7. HP: 6/37 MP: 10/10
  3369 | D:4      | Reached ** piety under Hepliaklqana
  3370 | D:4      | Remembered your ancestor Edwyna as a hexer
  3397 | D:4      | Found a basalt altar of Yredelemnul.
  3431 | D:4      | Reached skill level 6 in Unarmed Combat
  3665 | D:4      | Found a glowing silver altar of Zin.
  3873 | D:3      | Noticed Natasha
  3879 | D:3      | Killed Natasha
  3889 | D:3      | Found a shadowy altar of Dithmenos.
  3909 | D:3      | Found an iron altar of Okawaru.
  4188 | D:3      | Noticed Terence
  4192 | D:3      | Killed Terence
  4458 | D:3      | Found an iron altar of Okawaru.
  4464 | D:3      | Found a shadowy altar of Dithmenos.
  4523 | D:3      | Noticed Natasha
  4528 | D:3      | Killed Natasha
  4775 | D:3      | Found an iron altar of Okawaru.
  4775 | D:3      | Found a shadowy altar of Dithmenos.
  5240 | D:3      | Noticed Natasha
  5245 | D:3      | Killed Natasha
  6212 | D:5      | Entered Level 5 of the Dungeon
  6386 | D:5      | Found a staircase to the Ecumenical Temple.
  6396 | Temple   | Entered the Ecumenical Temple
  6458 | D:5      | Reached *** piety under Hepliaklqana
  6476 | D:5      | Found a snail-covered altar of Cheibriados.
  6642 | D:5      | Found a hazy altar of Hepliaklqana.
  6908 | D:4      | Reached XP level 8. HP: 13/43 MP: 11/11
  7153 | D:5      | Found a stormy altar of Qazlal.
  7216 | D:5      | Reached skill level 7 in Unarmed Combat
  7216 | D:5      | Reached skill level 1 in Invocations
  7526 | D:5      | Got the Collected Works on the Gliding Rocks
  7586 | D:5      | Reached skill level 5 in Fighting
  7747 | D:5      | Learned a level 1 spell: Sandblast
  8948 | D:6      | Reached skill level 5 in Armour
  9059 | D:6      | Reached skill level 1 in Earth Magic
  9346 | D:6      | Reached **** piety under Hepliaklqana
  9384 | D:6      | Reached skill level 8 in Unarmed Combat
  9400 | D:6      | Reached XP level 9. HP: 49/49 MP: 6/12
  9941 | D:7      | Reached skill level 5 in Earth Magic
 10252 | D:7      | Found a burning altar of Makhleb.
 10296 | D:7      | Reached skill level 9 in Unarmed Combat
 10769 | D:8      | HP: 2/50 [gnoll sergeant (3)]
 11297 | D:8      | Found a flagged portal.
 11306 | Bailey   | Entered a bailey
 11328 | Bailey   | Noticed an orc knight
 11328 | Bailey   | Noticed an orc knight
 11342 | Bailey   | Killed an orc knight
 11343 | Bailey   | Reached XP level 10. HP: 18/54 MP: 13/15
 11364 | Bailey   | Killed an orc knight
 11373 | D:8      | HP: 1/54 [orc warrior (4)]
 11374 | D:8      | Slain by an orc warrior

Illustrated notes

Levels and vault maps discovered:
D:1:      dpeg_arrival_round_a, layout_loops_ring
D:2:      layout_loops_ring, serial_shops, shop,
          shapermc_ecumenical_altar_notcrosses
D:3:      layout_basic, mainiacjoe_overflow_large_starburst, uniq_terence,
          uniq_natasha
D:4:      layout_cave_pools, lemuel_coloured_pillars_altar,
          mainiacjoe_overflow_six_doors_small, serial_co_window_serial,
          co_window_of_opportunity_a, co_window_paths_a, co_window_paths_b,
          co_window_paths_a, co_window_corner_a, co_window_2corner,
          co_window_2corner, co_window_paths_c, co_window_cross_2,
          co_window_unsneaky_path_b, co_window_broadway_c, glass_columns_a,
          glass_columns_a, glass_columns_a, glass_columns_c, hex_tiny
D:5:      layout_layer_cave, kennysheep_mini_moat, slow_altar_1,
          mainiacjoe_overflow_tiny_flanked, minmay_temple_entry_grid
D:6:      layout_basic, sigmund_army
D:7:      layout_rooms, demons_altar, minmay_strange_pillars
D:8:      minmay_gate_of_8, layout_rooms, mainiacjoe_overflow_alcove_1,
          enter_bailey_8
Temple:   cyrus_circular_temple

Skill      XL: |  1  2  3  4  5  6  7  8  9 |
---------------+----------------------------+-----
Armour         | 1 2 3 4 5 6 |  6.7
Fighting       | 2 3 4 5 6 |  6.8
Unarmed Combat | 4 5 6 8 9 |  9.4
Invocations    | 2 3 |  3.4
Earth Magic    | 3 6 |  6.6
Spellcasting   | 3 |  3.5
Dodging        | |  1.5
Transmutations | |  1.5

Action                   |  1- 3 |  4- 6 |  7- 9 | 10-12 || total
-------------------------+-------+-------+-------+-------++-------
Melee: Unarmed           |    25 |       |       |       ||    25
       Dagger            |    79 |    38 |   336 |    14 ||   467
       Punch             |     1 |       |     7 |       ||     8
       Kick              |     2 |     5 |       |       ||     7
       Headbutt          |     1 |     4 |       |       ||     5
 Cast: Beastly Appendage |    11 |    14 |       |       ||    25
Invok: Ancestor Life: He |       |       |     1 |       ||     1
       Recall Ancestor   |       |       |     6 |       ||     6
       Idealise          |       |       |     2 |       ||     2
Evoke: Wand              |       |       |       |     4 ||     4
  Use: Potion            |       |     2 |       |     3 ||     5
       Scroll            |       |       |    15 |       ||    15
 Stab: Sleeping          |     1 |       |     1 |       ||     2
       Distracted        |       |       |     3 |       ||     3
       Confused          |       |       |     3 |       ||     3
       Paralysed         |       |       |       |     5 ||     5
Armor: Robe              |    52 |     6 |    38 |       ||    96
       Chain mail        |       |       |   151 |    22 ||   173
Dodge: Dodged            |    61 |    28 |   163 |    23 ||   275
